 Dungeon Crawl Stone Soup version 0.27-a0-169-gd3d0dda1a4 (webtiles) character file.

Game seed: 2413764535360674560

457 Maedhros the Charlatan (level 7, -3/43 HPs)
             Began as an Octopode Artificer on Jan 28, 2021.
             Was an Initiate of Cheibriados.
             Slain by a bullfrog (6 damage)
             ... on level 6 of the Dungeon.
             The game lasted 00:06:08 (766 turns).

Maedhros the Charlatan (Octopode Artificer)          Turns: 766, Time: 00:06:09

Health: -3/43      AC:  1    Str: 13    XL:     7   Next: 6%
Magic:  7/7        EV: 15    Int: 14    God:    Cheibriados [......]
Gold:   174        SH:  0    Dex: 15    Spells: 6/6 levels left

rFire    . . .     SeeInvis .   j - +2 spear (venom)
rCold    . . .     Faith    .   (no shield)
rNeg     . . .     Spirit   .   (helmet restricted)
rPois    .         Reflect  .   (no amulet)
rElec    .         Harm     .   (no ring)
rCorr    .         Rampage  .   (no ring)
Will     .....                  (no ring)
Stlth    ++++......             (no ring)
HPRegen  0.14/turn              (no ring)
MPRegen  0.10/turn              (no ring)
                                (no ring)
                                (no ring)

@: very slow
A: almost no armour, stealthy swim, amphibious, 8 rings, constrict 8, camouflage
1, gelatinous body 1
a: Renounce Religion, Bend Time


You were on level 6 of the Dungeon.
You worshipped Cheibriados.
Cheibriados was noncommittal.
You visited 2 branches of the dungeon, and saw 7 of its levels.

You collected 174 gold pieces.

Inventory:

Hand Weapons
 a - a +0 club
 j - a +2 spear of venom (weapon)
Missiles
 e - 14 poisoned darts
 g - 2 throwing nets
Wands
 b - a wand of flame (2) (quivered)
 c - a wand of enslavement (12)
 d - a wand of random effects (13)
 f - a wand of paralysis (3)
Scrolls
 h - a scroll of random uselessness {unknown}
 k - a scroll of fear {unknown}
 l - 3 scrolls of identify {unknown}
 m - a scroll of amnesia {unknown}
 n - a scroll of blinking {unknown}
Potions
 o - a potion of flight


   Skills:
 - Level 1.0 Fighting
 * Level 3.5 Polearms
 + Level 3.9 Dodging
 + Level 4.5 Stealth
 - Level 2.0 Unarmed Combat
 + Level 4.7 Evocations


You had 6 spell levels left.
You didn't know any spells.
Your spell library was empty.

Dungeon Overview and Level Annotations

Branches:
Dungeon (6/15)             Temple (1/1) D:5

Altars:
Ashenzari
Cheibriados
Elyvilon
Fedhas
Gozag
Hepliaklqana
Kikubaaqudgha
Makhleb
Nemelex Xobeh
Okawaru
Qazlal
Ru
Sif Muna
Trog
Uskayaw
Vehumet
Wu Jian
Xom
Yredelemnul
Zin
The Shining One


Innate Abilities, Weirdness & Mutations

You cannot wear most types of armour.
You are very stealthy in the water. (Stealth+)
You are amphibious.
You can wear up to eight rings at the same time.
You can use your tentacles to constrict eight enemies at once.
Your skin changes colour to match your surroundings (Stealth+).
Your rubbery body absorbs attacks. (AC +1, EV +1)


Message History

Aim: a bullfrog (heavily wounded, 33% to evade)
The puff of flame misses the bullfrog.
Reach: j) +2 spear (venom)
Press: ? - help, Dir - move target, f/p - bullfrog
Aim: a bullfrog (heavily wounded)
You reach to attack!
You hit the bullfrog but do no damage.
The bullfrog is poisoned.
The bullfrog is heavily wounded.
The bullfrog closely misses you.
You closely miss the bullfrog. Your grab misses the bullfrog.
The bullfrog is heavily wounded.
The bullfrog hits you!
* * * LOW HITPOINT WARNING * * *
Evoke which item? (* to show all) (? for menu, Esc to quit)
Aiming: Throw Flame
Press: ? - help, Shift-Dir - straight line, f/p - bullfrog
Aim: a bullfrog (severely wounded, very poisoned, 33% to evade)
The puff of flame misses the bullfrog.
The bullfrog closely misses you. The bullfrog hits you.
You die...

##### ### #
.....##.. .#
.....#<.# .##
........##..####
........#.......
................
#!.....<..#.##.
#....†@F..#
#....)))..#
#..............
..##...$.......
. #............
#...#####....
.... .... ..?..
..


You could see a bullfrog (very poisoned).

Vanquished Creatures
  A necrophage (D:6)
  2 scorpions
  A bullfrog skeleton (D:4)
  A gnoll (D:4)
  An iguana (D:4)
  2 orc wizards
  3 adders
  5 orcs
  A hobgoblin (D:2)
  6 jackals (D:5)
  A frilled lizard (D:5)
  2 giant cockroach zombies
  A kobold (D:3)
  A rat (D:2)
28 creatures vanquished.

Vanquished Creatures (collateral kills)
  A sky beast (D:5)
  3 gnolls (D:4)
  A leopard gecko (D:5)
  An orc (D:5)
6 creatures vanquished.

Vanquished Creatures (others)
  An orc priest (D:5)
1 creature vanquished.

Grand Total: 35 creatures vanquished

Notes
Turn   | Place    | Note
-------+----------+-------------------------------------------
     0 | D:1      | Maedhros the Octopode Artificer began the quest for the
                  | Orb.
     0 | D:1      | Reached XP level 1. HP: 13/13 MP: 1/1
     5 | D:1      | You fall into a shaft and drop 1 floor!
   162 | D:4      | Reached skill level 1 in Unarmed Combat
   162 | D:4      | Reached XP level 2. HP: 8/18 MP: 2/2
   162 | D:4      | Reached XP level 3. HP: 11/23 MP: 3/3
   221 | D:4      | Reached XP level 4. HP: 15/28 MP: 4/4
   275 | D:4      | Reached skill level 1 in Polearms
   321 | D:4      | Reached XP level 5. HP: 15/33 MP: 5/5
   336 | D:5      | Entered Level 5 of the Dungeon
   458 | D:5      | Found a staircase to the Ecumenical Temple.
   484 | Temple   | Entered the Ecumenical Temple
   524 | Temple   | Became a worshipper of Xom the Tricky
   529 | Temple   | Fell from the grace of Xom
   529 | Temple   | Became a worshipper of Cheibriados the Contemplative
   587 | D:5      | Noticed a sky beast
   601 | D:5      | Killed a sky beast
   602 | D:5      | Reached XP level 6. HP: 18/38 MP: 6/6
   712 | D:6      | Noticed a necrophage
   721 | D:6      | Killed a necrophage
   739 | D:6      | Reached XP level 7. HP: 13/43 MP: 7/7
   766 | D:6      | Slain by a bullfrog

Illustrated notes

Levels and vault maps discovered:
D:1:      enne_arrival_octagon_isle, layout_basic,
          amcnicky_mini_rare_corridor_liquid, st_stairs_11
D:2:      layout_basic
D:3:      layout_basic
D:4:      layout_cave_pools
D:5:      layout_loops_ring, minmay_temple_entry_trees, basic_altar
D:6:      layout_rooms, serial_shops, shop_statue, corexii_leaking_fountain,
          grunt_decor_one_mirror, uniq_blork_the_orc
Temple:   kilobyte_greek_temple

Skill      XL: |  1  2  3  4  5  6 |
---------------+-------------------+-----
Stealth        | 2 3 4 |  4.5
Unarmed Combat | 1 2 |  2.0
Polearms       | 1 2 3 |  3.5
Dodging        | 3 |  3.9
Evocations     | 4 |  4.7
Fighting       | |  1.0

Action                   |  1- 3 |  4- 6 |  7- 9 || total
-------------------------+-------+-------+-------++-------
Melee: Unarmed           |    11 |       |       ||    11
       Constrict         |     4 |    10 |       ||    14
       Tentacles         |     3 |    12 |       ||    15
       Club              |     3 |       |       ||     3
       Spear             |       |    68 |     8 ||    76
       Punch             |       |     3 |       ||     3
Evoke: Wand              |     5 |    11 |     4 ||    20
  Use: Potion            |       |     3 |       ||     3
 Stab: Paralysed         |     6 |       |       ||     6
       Sleeping          |       |     2 |       ||     2
Armor: Skin              |       |    30 |     6 ||    36
Dodge: Dodged            |     5 |    27 |     4 ||    36

Table legend: (Time is in decaauts)
 A = Elapsed time spent in this place.
 B = Non-inter-level travel time spent in this place.
 C = Inter-level travel time spent in this place.
 D = Time resting spent in this place.
 E = Time spent auto-exploring this place.
 F = Levels seen in this place.
 G = Mean time per level.
                   A        B        C        D        E       F      G
               +--------+--------+--------+--------+--------+-----+--------+
         Total |    806 |    755 |     51 |     16 |      0 |   7 |  115.1 |
       Dungeon |    714 |    707 |      7 |     16 |      0 |   6 |  119.0 |
        Temple |     91 |     48 |     43 |      0 |      0 |   1 |   91.0 |
               +--------+--------+--------+--------+--------+-----+--------+

Top non-repeatable levels by time:
     D:5: 303 daAuts
     D:4: 215 daAuts
     D:3: 99 daAuts
  Temple: 91 daAuts
     D:6: 52 daAuts
     D:2: 39 daAuts
     D:1: 5 daAuts
